 Dungeon Crawl Stone Soup version 0.28-a0-1435-g82390b3a13 (webtiles) character file.

Game seed: 3753130452581127478

33 oldriver the Skirmisher (level 3, -1/29 HPs)
             Began as a Demonspawn Chaos Knight on Jan 10, 2022.
             Was a Plaything of Xom.
             Slain by Sigmund (2 damage)
             ... on level 2 of the Dungeon.
             The game lasted 00:01:06 (977 turns).

oldriver the Skirmisher (Demonspawn Chaos Knight)    Turns: 977, Time: 00:01:08

Health: -1/29      AC:  5    Str: 12    XL:     3   Next: 12%
Magic:  3/3        EV: 11    Int: 15    God:    Xom [.....*]
Gold:   30         SH:  0    Dex: 12    Spells: 2/2 levels left

rFire   . . .      SeeInvis .   a - +0 spear (chaos)
rCold   . . .      Faith    .   (no shield)
rNeg    . . .      Spirit   .   b - +2 leather armour
rPois   .          Reflect  .   (helmet restricted)
rElec   .          Harm     .   (no cloak)
rCorr   .          Rampage  .   (no gloves)
Will    .....                   (no boots)
Stlth   +.........              (no amulet)
HPRegen 0.09/turn               (no ring)
MPRegen 0.08/turn               (no ring)

@: no status effects
A: horns 2
a: Renounce Religion


You were on level 2 of the Dungeon.
You worshipped Xom.
You were Xom's teddy bear.
You visited 1 branch of the dungeon, and saw 2 of its levels.

You collected 30 gold pieces.

Inventory:

Hand Weapons
 a - a +0 spear of chaos (weapon)
Armour
 b - a +2 leather armour (worn)
 n - an orb of wrath
Jewellery
 i - a ring of protection from cold
Scrolls
 d - 2 scrolls of enchant weapon {unknown}
 e - a scroll of immolation {unknown}
 f - a scroll of fear {unknown}
 h - a scroll of holy word {unknown}
 l - a scroll of identify {unknown}
 m - a scroll of teleportation {unknown}
Potions
 c - a potion of haste
 g - a potion of lignification {unknown}
 j - a potion of magic {unknown}
 k - a potion of flight {unknown}


   Skills:
 + Level 3.3 Fighting
 + Level 3.0 Polearms
 + Level 2.2 Armour
 + Level 1.5 Dodging


You had 2 spell levels left.
You didn't know any spells.
Your spell library was empty.

Dungeon Overview and Level Annotations

Branches:
Dungeon (2/15)

Altars:

Annotations:
D:2 Sigmund


Innate Abilities, Weirdness & Mutations

You have a pair of horns on your head.


Message History

You hit the giant cockroach.
The giant cockroach is poisoned.
You headbutt the giant cockroach.
The giant cockroach is heavily wounded.
You kill the giant cockroach!
No target in view!
No target in view!
A frilled lizard and a kobold come into view.
The kobold shouts!
The frilled lizard hisses angrily.
Sigmund the Dreaded comes into view.
He is wielding a +4 vorpal scythe.
You see here an orb of wrath.
n - an orb of wrath You reach to attack!
You barely miss the frilled lizard. You miss the frilled lizard.
Your headbutt misses the frilled lizard.
You miss the frilled lizard.
Your headbutt misses the frilled lizard.
The frilled lizard closely misses you.
You closely miss the frilled lizard. You headbutt the frilled lizard.
You kill the frilled lizard!
You barely miss the kobold. The kobold barely misses you.
You barely miss the kobold. The kobold hits you but does no damage.
Sigmund shouts!
You hit the kobold. You burn the kobold.
You kill the kobold!
You see here a +0 whip.
Sigmund hits you from afar with a +4 vorpal scythe.
Keep equipping yourself?
You start putting on your armour.
You continue putting on your orb of wrath.
Sigmund drinks a potion.
Sigmund seems to speed up.
You continue putting on your orb of wrath.
Sigmund hits you from afar with a +4 vorpal scythe!
You continue putting on your orb of wrath.
Sigmund says, "Look into my eyes."
Sigmund hits you but does no damage.
You continue putting on your orb of wrath.
Sigmund hits you from afar with a +4 vorpal scythe!
* * * LOW HITPOINT WARNING * * *
You die...
Xom giggles madly!

.............#
.............#
.............#
......†<....##
...........#######
>####.####.......#
#. #####...## #
#.†..)#.......
#..###@######.#
... ##...# .
#.@..# #...####
##.....# #.[##.#
#...# ... .....#
..#.. ##.##.. .l.
...


You could see Sigmund (fast).

Vanquished Creatures
  2 dart slugs (D:1)
  3 ball pythons (D:1)
  2 bats (D:1)
  An endoplasm (D:1)
  4 giant cockroaches
  5 hobgoblins
  3 frilled lizards
  4 kobolds
  3 rats
27 creatures vanquished.

Notes
Turn   | Place    | Note
-------+----------+-------------------------------------------
     0 | D:1      | oldriver the Demonspawn Chaos Knight began the quest for
                  | the Orb.
     0 | D:1      | Reached XP level 1. HP: 18/18 MP: 1/1
    74 | D:1      | Reached skill level 1 in Dodging
   230 | D:1      | Gained mutation: You have a pair of small horns on your
                  | head. [demonic ancestry]
   230 | D:1      | Reached XP level 2. HP: 24/24 MP: 2/2
   277 | D:1      | XOM: divination: magic mapping
   441 | D:1      | XOM: 2-stop teleportation journey
   497 | D:1      | XOM: cloud trail
   584 | D:1      | Found a faded altar of an unknown god.
   592 | D:1      | XOM: scenery: 1 doors open
   894 | D:2      | Gained mutation: You have a pair of horns on your head.
                  | [demonic ancestry]
   894 | D:2      | Reached XP level 3. HP: 25/29 MP: 3/3
   955 | D:2      | Noticed Sigmund
   977 | D:2      | HP: 1/29 [Sigmund (9)]
   977 | D:2      | Slain by Sigmund

Illustrated notes

Levels and vault maps discovered:
D:1:      dpeg_arrival_houses_and_road, layout_basic,
          shapermc_ecumenical_altar_ellora
D:2:      layout_rooms, serial_shops, nicolae_shop_hallway_plus, uniq_sigmund

Skill      XL: |  1  2 |
---------------+-------+-----
Dodging        | 1 |  1.5
Armour         | 2 |  2.2
Polearms       | 3 |  3.0
Fighting       | |  3.3

Action                   || total
-------------------------++-------
Melee: Spear             ||    68
       Headbutt          ||     6
       Punch             ||     1
 Stab: Paralysed         ||     2
Armor: Leather armour    ||    16
Dodge: Dodged            ||    28

Table legend: (Time is in decaauts)
 A = Elapsed time spent in this place.
 B = Non-inter-level travel time spent in this place.
 C = Inter-level travel time spent in this place.
 D = Time resting spent in this place.
 E = Time spent auto-exploring this place.
 F = Levels seen in this place.
 G = Mean time per level.
                   A        B        C        D        E       F      G
               +--------+--------+--------+--------+--------+-----+--------+
         Total |    974 |    950 |     24 |      0 |    787 |   2 |  487.0 |
       Dungeon |    974 |    950 |     24 |      0 |    787 |   2 |  487.0 |
               +--------+--------+--------+--------+--------+-----+--------+

Top non-repeatable levels by time:
     D:1: 886 daAuts
     D:2: 88 daAuts
